AA SOUTH
BIRMINGHAM BARONS @ PENSACOLA BLUE WAHOOS
08/01/2041
 
TOP OF THE 1ST
Birmingham Barons batting - Pitching for Pensacola Blue Wahoos : RHP Leon D'Abrichecourt
Pitching: RHP Leon D'Abrichecourt
Batting: LHB Jimmy Jayne 0-0: Ball
1-0: Foul Ball, location: 5F
1-1: Ground out 2-3 (Groundball, 2R, EV 72.5 MPH)
Batting: RHB Ed Livermore 0-0: Foul Ball, location: 9LMF
0-1: Foul Ball, location: 9LDF
0-2: Strikes out looking
Batting: RHB Ben Leonard 0-0: Called Strike
0-1: Foul Ball, location: 2F
0-2: Ball
1-2: Strikes out swinging
Top of the 1st over - 0 runs, 0 hits, 0 errors, 0 left on base; Birmingham 0 - Pensacola 0
BOTTOM OF THE 1ST
Pensacola Blue Wahoos batting - Pitching for Birmingham Barons : RHP Ron Howard
Pitching: RHP Ron Howard
Batting: SHB Steve Clark 0-0: Ball
1-0: Foul Ball, location: 7LMF
1-1: Called Strike
1-2: Ground out 6-3 (Groundball, 56, EV 83.8 MPH)
Batting: LHB Jorge Castillo 0-0: Ball
1-0: Swinging Strike
1-1: Ground out U3 (Groundball, 3, EV 82.5 MPH)
Batting: LHB Dave Minor 0-0: DOUBLE (Line Drive, 89D, EV 104.4 MPH)
Batting: LHB José Guedán 0-0: Ball
1-0: Foul Ball, location: 7LDF
1-1: Ball
2-1: Foul Ball, location: 2F
2-2: Fly out, F8 (Line Drive, 78M, EV 86.3 MPH)
Bottom of the 1st over - 0 runs, 1 hit, 0 errors, 1 left on base; Birmingham 0 - Pensacola 0
TOP OF THE 2ND
Birmingham Barons batting - Pitching for Pensacola Blue Wahoos : RHP Leon D'Abrichecourt
Batting: LHB José Gonzáles 0-0: Ball
1-0: Ground out 6-3 (Groundball, 6, EV 106.9 MPH)
Batting: LHB Sam Stone 0-0: Ball
1-0: Ball
2-0: Ball
3-0: Called Strike
3-1: Called Strike
3-2: Strikes out swinging
Batting: RHB Derrek Austin 0-0: Fly out, F9 (Flyball, 9LS, EV 81.9 MPH)
Top of the 2nd over - 0 runs, 0 hits, 0 errors, 0 left on base; Birmingham 0 - Pensacola 0
BOTTOM OF THE 2ND
Pensacola Blue Wahoos batting - Pitching for Birmingham Barons : RHP Ron Howard
Batting: RHB Dan Offen 0-0: Ball
1-0: Called Strike
1-1: Ball
2-1: Called Strike
2-2: Fly out, F8 (Line Drive, 8LM, EV 96.3 MPH)
Batting: LHB Juan Lazu 0-0: Foul Ball, location: 5DF
0-1: Ball
1-1: Ball
2-1: Foul Ball, location: 5F
2-2: SINGLE (Line Drive, 6M, EV 95.0 MPH)
Batting: RHB Esteban Cabrera 0-0: Called Strike
0-1: Foul Ball, location: 3FF
0-2: Ball
1-2: Strikes out swinging
Batting: RHB Ben Butler 0-0: Ground out 5-3 (Groundball, 56S, EV 108.1 MPH)
Bottom of the 2nd over - 0 runs, 1 hit, 0 errors, 1 left on base; Birmingham 0 - Pensacola 0
TOP OF THE 3RD
Birmingham Barons batting - Pitching for Pensacola Blue Wahoos : RHP Leon D'Abrichecourt
Batting: RHB Artie Smith 0-0: Called Strike
0-1: Ball
1-1: Ball
2-1: Foul Ball, location: 25F
2-2: Ball
3-2: Fly out, F3 (Popup, 3SF, EV 81.9 MPH)
Batting: RHB Ty Lewis 0-0: Foul Ball, location: 2F
0-1: Ball
1-1: Ball
2-1: Ball
3-1: Base on Balls
Batting: RHB Héctor Guerrero 0-0: Ground out 4-3 (Groundball, 4M, EV 102.5 MPH)
Ty Lewis to second
Batting: LHB Jimmy Jayne 0-0: Foul Ball, location: 5F
0-1: Swinging Strike
0-2: Foul Ball, location: 7LDF
0-2: Foul Ball, location: 9LSF
0-2: Ball
1-2: Ball
2-2: Strikes out swinging
Top of the 3rd over - 0 runs, 0 hits, 0 errors, 1 left on base; Birmingham 0 - Pensacola 0
BOTTOM OF THE 3RD
Pensacola Blue Wahoos batting - Pitching for Birmingham Barons : RHP Ron Howard
Batting: RHB Lúcio Rodríguez 0-0: Called Strike
0-1: Foul Ball, location: 3FF
0-2: Strikes out swinging
Batting: SHB Steve Clark 0-0: Ball
1-0: Ground out 4-3 (Groundball, 4M, EV 101.9 MPH)
Batting: LHB Jorge Castillo 0-0: Fly out, F7 (Flyball, 7LM, EV 98.1 MPH)
Bottom of the 3rd over - 0 runs, 0 hits, 0 errors, 0 left on base; Birmingham 0 - Pensacola 0
TOP OF THE 4TH
Birmingham Barons batting - Pitching for Pensacola Blue Wahoos : RHP Leon D'Abrichecourt
Batting: RHB Ed Livermore 0-0: Swinging Strike
0-1: Ball
1-1: Ball
2-1: Ball
3-1: Swinging Strike
3-2: Strikes out looking
Batting: RHB Ben Leonard 0-0: Called Strike
0-1: Ground out 4-3 (Groundball, 4, EV 86.3 MPH)
Batting: LHB José Gonzáles 0-0: Ground out 6-3 (Groundball, 6, EV 86.3 MPH)
Top of the 4th over - 0 runs, 0 hits, 0 errors, 0 left on base; Birmingham 0 - Pensacola 0
BOTTOM OF THE 4TH
Pensacola Blue Wahoos batting - Pitching for Birmingham Barons : RHP Ron Howard
Batting: LHB Dave Minor 0-0: Bunt for hit to 3S - play at first, batter safe!
Batting: LHB José Guedán 0-0: Swinging Strike
0-1: Sac Bunt to 2R - play at first, batter safe!
Dave Minor to second
Batting: RHB Dan Offen 0-0: Ball
1-0: Called Strike
1-1: Called Strike
1-2: Ball
2-2: Grounds out, U3 (Groundball, 3L, EV 78.1 MPH)
Dave Minor to third
Batting: LHB Juan Lazu 0-0: Foul Ball, location: 3F
0-1: Ground out 4-3 (Groundball, 4D, EV 107.5 MPH)
Dave Minor scores
José Guedán to third
Batting: RHB Esteban Cabrera 0-0: Called Strike
0-1: SINGLE (Groundball, 4MD, EV 101.3 MPH)
José Guedán scores
Batting: RHB Ben Butler 0-0: Called Strike
Esteban Cabrera is caught stealing 2nd base 2-4
Bottom of the 4th over - 2 runs, 3 hits, 0 errors, 0 left on base; Birmingham 0 - Pensacola 2
TOP OF THE 5TH
Birmingham Barons batting - Pitching for Pensacola Blue Wahoos : RHP Leon D'Abrichecourt
Batting: LHB Sam Stone 0-0: Ball
1-0: Ball
2-0: Swinging Strike
2-1: Swinging Strike
2-2: Ball
3-2: Strikes out looking
Batting: RHB Derrek Austin 0-0: Foul Ball, location: 5F
0-1: Swinging Strike
0-2: Strikes out swinging
Batting: RHB Artie Smith 0-0: Ball
1-0: Ball
2-0: Called Strike
2-1: Foul Ball, location: 9LMF
2-2: SINGLE (Line Drive, 6MD, EV 96.9 MPH)
Batting: RHB Ty Lewis 0-0: Ball
1-0: Ground out 4-3 (Groundball, 34, EV 106.3 MPH)
Top of the 5th over - 0 runs, 1 hit, 0 errors, 1 left on base; Birmingham 0 - Pensacola 2
BOTTOM OF THE 5TH
Pensacola Blue Wahoos batting - Pitching for Birmingham Barons : RHP Ron Howard
Batting: RHB Ben Butler 0-0: Ball
1-0: Ground out 5-3 (Groundball, 56S, EV 86.3 MPH)
Batting: RHB Lúcio Rodríguez 0-0: Foul Ball, location: 2F
0-1: Ball
1-1: Ball
2-1: DOUBLE (Line Drive, 8RD, EV 98.8 MPH)
Batting: SHB Steve Clark 0-0: Intentional Walk
Batting: LHB Jorge Castillo 0-0: Ball
1-0: Called Strike
1-1: Ball
2-1: Foul Ball, location: 2F
2-2: DOUBLE (Line Drive, 89D, EV 104.4 MPH)
Lúcio Rodríguez scores
Steve Clark to third
Runner from 3rd tries for Home, SAFE, throw by CF to trailing runner, SAFE at third!
Batting: LHB Dave Minor 0-0: Intentional Walk
Batting: LHB José Guedán 0-0: Ball
1-0: Called Strike
1-1: Ball
2-1: Fielders Choice at 2nd, 1-6 (Groundball, 13, EV 65.6 MPH)
Batting: RHB Dan Offen 0-0: Ball
1-0: Foul Ball, location: 7LMF
1-1: Ball
2-1: Ball
3-1: Foul Ball, location: 23F
3-2: Foul Ball, location: 9LSF
3-2: SINGLE (Flyball, 5D, EV 90.6 MPH)
Jorge Castillo scores
José Guedán to second
José Guedán to third
Batting: LHB Juan Lazu 0-0: Called Strike
0-1: Ball
1-1: Ball
2-1: Ground out U3 (Groundball, 3, EV 85.6 MPH)
Bottom of the 5th over - 3 runs, 3 hits, 0 errors, 2 left on base; Birmingham 0 - Pensacola 5
TOP OF THE 6TH
Birmingham Barons batting - Pitching for Pensacola Blue Wahoos : RHP Leon D'Abrichecourt
Batting: RHB Héctor Guerrero 0-0: Foul Ball, location: 2F
0-1: Foul Ball, location: 2F
0-2: Ball
1-2: Ball
2-2: Fly out, F7 (Flyball, 7D, EV 101.3 MPH)
Batting: LHB Jimmy Jayne 0-0: Ball
1-0: Ball
2-0: Ground out 4-3 (Groundball, 4D, EV 100.6 MPH)
Batting: RHB Ed Livermore 0-0: Called Strike
0-1: Called Strike
0-2: Strikes out swinging
Top of the 6th over - 0 runs, 0 hits, 0 errors, 0 left on base; Birmingham 0 - Pensacola 5
BOTTOM OF THE 6TH
Pensacola Blue Wahoos batting - Pitching for Birmingham Barons : RHP Ron Howard
Batting: RHB Esteban Cabrera 0-0: Called Strike
0-1: Ground out 3-1 (Groundball, 34S, EV 76.3 MPH)
Batting: RHB Ben Butler 0-0: Ball
1-0: Called Strike
1-1: Ball
2-1: Ball
3-1: Called Strike
3-2: Base on Balls
Batting: RHB Lúcio Rodríguez 0-0: Foul Ball, location: 2LF
0-1: Ball
1-1: Grounds into double play, 6-4-3 (Groundball, 56, EV 85.0 MPH)
Bottom of the 6th over - 0 runs, 0 hits, 0 errors, 0 left on base; Birmingham 0 - Pensacola 5
TOP OF THE 7TH
Birmingham Barons batting - Pitching for Pensacola Blue Wahoos : RHP Leon D'Abrichecourt
Batting: RHB Ben Leonard 0-0: Swinging Strike
0-1: Foul Ball, location: 9LMF
0-2: Ball
1-2: Strikes out looking
Batting: LHB José Gonzáles 0-0: Ball
1-0: Fly out, F7 (Flyball, 7S, EV 88.8 MPH)
Batting: LHB Sam Stone 0-0: Called Strike
0-1: Fly out, F8 (Flyball, 8RD, EV 93.1 MPH)
Top of the 7th over - 0 runs, 0 hits, 0 errors, 0 left on base; Birmingham 0 - Pensacola 5
BOTTOM OF THE 7TH
Pensacola Blue Wahoos batting - Pitching for Birmingham Barons : RHP Ron Howard
Batting: SHB Steve Clark 0-0: SINGLE (Line Drive, 34, EV 99.4 MPH)
Batting: LHB Jorge Castillo 0-0: Called Strike
0-1: Foul Ball, location: 2F
0-2: Ball
1-2: Foul Ball, location: 3FF
1-2: Fly out, F7 (Flyball, 7S, EV 97.5 MPH)
Batting: LHB Dave Minor 0-0: Ball
1-0: Called Strike
Steve Clark steals 2nd base
1-1: Foul Ball, location: 9LMF
1-2: Fly out, F2 (Popup, 23F, EV 77.5 MPH)
Batting: LHB José Guedán 0-0: Swinging Strike
0-1: Called Strike
0-2: Strikes out swinging
Bottom of the 7th over - 0 runs, 1 hit, 0 errors, 1 left on base; Birmingham 0 - Pensacola 5
TOP OF THE 8TH
Birmingham Barons batting - Pitching for Pensacola Blue Wahoos : RHP Leon D'Abrichecourt
Batting: RHB Derrek Austin 0-0: Ball
1-0: DOUBLE (Flyball, 89D, EV 95.0 MPH)
Batting: RHB Artie Smith 0-0: Ball
1-0: Called Strike
1-1: Called Strike
1-2: Ground out 4-3 (Groundball, 4, EV 102.5 MPH)
Derrek Austin to third
Batting: RHB Ty Lewis 0-0: Fly out, F8 (Flyball, 78M, EV 97.5 MPH)
Batting: RHB Héctor Guerrero 0-0: Ground out 4-3 (Groundball, 4, EV 87.5 MPH)
Top of the 8th over - 0 runs, 1 hit, 0 errors, 1 left on base; Birmingham 0 - Pensacola 5
BOTTOM OF THE 8TH
Pensacola Blue Wahoos batting - Pitching for Birmingham Barons : RHP Ron Howard
Batting: RHB Dan Offen 0-0: SINGLE (Line Drive, 8LM, EV 97.5 MPH)
Batting: LHB Juan Lazu 0-0: SINGLE (Line Drive, 6D, EV 96.9 MPH)
Dan Offen to second
Pitching: RHP Wally Lee
Batting: RHB Esteban Cabrera 0-0: Ball
1-0: Fly out, F7 (Flyball, 7LM, EV 93.1 MPH)
Batting: RHB Ben Butler 0-0: Called Strike
0-1: Ball
1-1: Foul Ball, location: 3SF
1-2: Ball
2-2: SINGLE (Flyball, 5D, EV 94.4 MPH)
Dan Offen to third
Juan Lazu to second
Batting: RHB Lúcio Rodríguez 0-0: Called Strike
0-1: Grounds into fielders choice 5-2 (Groundball, 56S, EV 84.4 MPH)
Juan Lazu to third
Ben Butler to second
Batting: SHB Steve Clark 0-0: Called Strike
0-1: Ball
1-1: Ball
2-1: Ball
3-1: Fielders Choice at 2nd, U6 (Groundball, 6M, EV 81.9 MPH)
Bottom of the 8th over - 0 runs, 3 hits, 0 errors, 3 left on base; Birmingham 0 - Pensacola 5
TOP OF THE 9TH
Birmingham Barons batting - Pitching for Pensacola Blue Wahoos : RHP Leon D'Abrichecourt
Batting: LHB Jimmy Jayne 0-0: Swinging Strike
0-1: Swinging Strike
0-2: Ball
1-2: Strikes out swinging
Batting: RHB Ed Livermore 0-0: Ball
1-0: Foul Ball, location: 3SF
1-1: Ball
2-1: Ground out 1-3 (Groundball, P, EV 66.3 MPH)
Batting: RHB Ben Leonard 0-0: Ball
1-0: Foul Ball, location: 2F
1-1: Swinging Strike
1-2: Strikes out looking
Top of the 9th over - 0 runs, 0 hits, 0 errors, 0 left on base; Birmingham 0 - Pensacola 5
Monday, April 1st , 2024 - OOTP Baseball 24.10 Build 82